 Dungeon Crawl Stone Soup version 0.26-a0-812-g31a745ddcd (webtiles) character file.

Game seed: 12478752588019727405

15 night the Digger (level 2, 0/24 HPs)
             Began as an Ogre Earth Elementalist on Dec 3, 2020.
             Slain by a phantom (5 damage)
             ... on level 4 of the Dungeon.
             The game lasted 00:02:05 (1302 turns).

night the Digger (Ogre Earth Elementalist)          Turns: 1302, Time: 00:02:05

Health: 0/24       AC:  3    Str: 11    XL:     2   Next: 50%
Magic:  0/5        EV: 10    Int: 16    God:
Gold:   124        SH:  0    Dex:  9    Spells: 5/6 levels left

rFire    . . .     SeeInvis .   h - +1 whip (holy)
rCold    . . .     Faith    .   (no shield)
rNeg     . . .     Spirit   .   c - +0 robe
rPois    .         Reflect  .   (helmet restricted)
rElec    .         Harm     .   (no cloak)
rCorr    .         Rampage  .   (gloves unavailable)
MR       .....                  (boots unavailable)
Stlth    +.........             (no amulet)
HPRegen  0.08/turn              (no ring)
MPRegen  0.09/turn              (no ring)

@: no status effects
A: large, unfitting armour, tough skin 1
a: no special abilities


You were on level 4 of the Dungeon.
You visited 1 branch of the dungeon, and saw 3 of its levels.

You collected 124 gold pieces.

Inventory:

Hand Weapons
 h - a +1 whip of holy wrath (weapon)
Missiles
 b - 70 stones (quivered)
Armour
 c - a +0 robe (worn)
Jewellery
 n - an uncursed amulet of reflection {unknown}
Scrolls
 i - a scroll of enchant weapon {unknown}
 j - a scroll of noise {unknown}
 k - 6 scrolls of identify {unknown}
 l - a scroll of fog {unknown}
 o - a scroll of blinking {unknown}
 p - a scroll of remove curse {unknown}
Potions
 a - a potion of ambrosia {unknown}
 d - a potion of brilliance {unknown}
 e - a potion of might {unknown}
 f - a potion of curing {unknown}
 g - 2 potions of experience {unknown}
 m - a potion of degeneration {unknown}


   Skills:
 - Level 1.7 Dodging
 - Level 1.4 Stealth
 + Level 2.8 Spellcasting
   Level 0.8 Transmutations
 * Level 3.2 Earth Magic


You had 5 spell levels left.
You knew the following spells:

 Your Spells              Type           Power        Failure   Level
a - Sandblast             Erth           ##....       4%          1

Your spell library contained the following spells:

 Spells                   Type           Power        Failure   Level
 Passwall                 Tmut/Erth      #.......     12%         2
 Beastly Appendage        Tmut           #.....       14%         1
 Wereblood                Tmut           #.......     21%         2
 Stone Arrow              Conj/Erth      #.....       30%         3
 Spider Form              Tmut/Pois      #.........   43%         3
 Petrify                  Tmut/Erth      #.......     63%         4
 Lee's Rapid Deconstruct  Erth           ##........   80%         5
 Ice Form                 Ice/Tmut       #.......     85%         4
 Blade Hands              Tmut           #.........   98%         5


Dungeon Overview and Level Annotations

Branches:
Dungeon (2/15)

Altars:


Innate Abilities, Weirdness & Mutations

You are too large for most types of armour.
You have tough skin. (AC +1)


Message History

Press: ? - help, Shift-Dir - straight line, f/p - phantom
Aim: a phantom (severely damaged)
The blast of sand hits the phantom.
The phantom is almost destroyed.
b - 71 stones You closely miss the phantom.
The phantom is almost destroyed.
The phantom blinks!
The phantom blinks!
Casting: Sandblast (safe; 4% risk of failure)
Confirm with . or Enter, or press ? or * to list all spells.
Aiming: Sandblast (safe; 4% risk of failure)
Press: ? - help, Shift-Dir - straight line, f/p - phantom
Aim: a phantom (almost destroyed)
The blast of sand hits the phantom.
The phantom is almost destroyed.
b - 70 stones The phantom blinks!
The phantom hits you.
You die...

#..........#
#..........# #.#
##..........####.#
...............#.#
####.......###.#.#
#.......# #.#.#
#....)..# #.#.####
#.......# #.#W...#
. #.......# #.#@#
.. #...#######.#.#
..##...........#§#
..............>#.#
...............#.#
#..............#.#
##.............#.#
##..§...........#
#..............#


You could see a phantom.

Vanquished Creatures
  An ooze (D:2)
  An orc (D:1)
  A giant cockroach (D:1)
  2 hobgoblins (D:1)
  2 kobolds (D:1)
  3 bats
10 creatures vanquished.

Notes
Turn   | Place    | Note
-------+----------+-------------------------------------------
     0 | D:1      | night the Ogre Earth Elementalist began the quest for the
                  | Orb.
     0 | D:1      | Reached XP level 1. HP: 16/16 MP: 3/3
   516 | D:1      | Reached skill level 3 in Earth Magic
   516 | D:1      | Reached XP level 2. HP: 24/24 MP: 5/5
   975 | D:2      | Noticed an orc warrior
  1171 | D:2      | You fall into a shaft and drop 2 floors!
  1241 | D:4      | Noticed a phantom
  1278 | D:4      | HP: 3/24 [phantom (8)]
  1302 | D:4      | Slain by a phantom

Illustrated notes

Levels and vault maps discovered:
D:1:      heliophobic_arrival_ceremonial_halls, layout_basic
D:2:      layout_basic, kennysheep_crisscross
D:4:      layout_basic, ebering_ghost_inner_flame, nemelex_lonely_heart_becter,
          uniq_blork_the_orc

Skill      XL: |  1 |
---------------+----+-----
Earth Magic    | 3 |  3.2
Dodging        | |  1.7
Stealth        | |  1.4
Spellcasting   | |  2.8
Transmutations | |  0.8

Action                   || total
-------------------------++-------
Melee: Unarmed           ||     5
       Whip              ||    32
 Cast: Sandblast         ||    14
Armor: Robe              ||     8
Dodge: Dodged            ||    23

Table legend: (Time is in decaauts)
 A = Elapsed time spent in this place.
 B = Non-inter-level travel time spent in this place.
 C = Inter-level travel time spent in this place.
 D = Time resting spent in this place.
 E = Time spent auto-exploring this place.
 F = Levels seen in this place.
 G = Mean time per level.
                   A        B        C        D        E       F      G
               +--------+--------+--------+--------+--------+-----+--------+
         Total |   1305 |   1258 |     47 |    186 |    849 |   3 |  435.0 |
       Dungeon |   1305 |   1258 |     47 |    186 |    849 |   3 |  435.0 |
               +--------+--------+--------+--------+--------+-----+--------+

Top non-repeatable levels by time:
     D:1: 1064 daAuts
     D:4: 131 daAuts
     D:2: 109 daAuts
